[Event "Titled Tuesday Blitz January 03 Late 2023"]
[White "Kim, Yoon-Young"]
[Black "Fishbein, Mitch"]
[WhiteFideId "30908779"]
[BlackFideId "30922917"]
[WhiteElo "2304"]
[BlackElo "2120"]
[Result "1-0"]
[Round "03"]
[TimeControl "180+2"]
[Date "2023.01.03"]
[WhiteClock "0:00:32"]
[BlackClock "0:00:01"]

1. d4 Nf6 2. c4 g6 3. Nc3 Bg7 4. Nf3 O-O 5. Bg5 d6 6. e3 c5 7. d5 e6 8. Nd2 h6 9. Bh4 exd5 10. cxd5 a6 11. a4 Re8 12. Be2 Nbd7 13. O-O Ne5 14. h3 g5 15. Bg3 Ng6 16. Qc2 h5 17. Nc4 Bf8 18. Bd3 h4 19. Bh2 Kg7 20. f3 Nh5 21. Ne4 Ng3 22. Nxg3 hxg3 23. Bxg3 Qc7 24. a5 Bd7 25. Qc3+ f6 26. Qc2 Nh8 27. Bf5 Bb5 28. Be6 Nf7 29. f4 Bxc4 30. Qxc4 b5 31. Qc3 gxf4 32. Rxf4 Ne5 33. Raf1 Be7 34. Bh4 Rf8 35. Qe1 Kh7 36. Bf5+ Kg7 37. Qg3+ Kf7 38. Be6+ Ke8 39. Bxf6 Bxf6 40. Rxf6 Rxf6 41. Rxf6 Qe7 42. Qg8+ 1-0


[Site "https://www.chess.com"]

[Event "Titled Tuesday Blitz January 03 Late 2023"]
[White "Shuvalova, Polina"]
[Black "Yeritsyan, Hayk"]
[WhiteFideId "24171760"]
[BlackFideId "13307320"]
[WhiteElo "2484"]
[BlackElo "2241"]
[Result "1-0"]
[Round "03"]
[TimeControl "180+2"]
[Date "2023.01.03"]
[WhiteClock "0:00:17"]
[BlackClock "0:00:03"]

1. d4 d5 2. Nf3 Nf6 3. Bf4 e6 4. e3 c5 5. Nbd2 Nc6 6. c3 Bd6 7. Bg3 Qe7 8. Ne5 Qc7 9. Bb5 O-O 10. Bxc6 bxc6 11. O-O Ba6 12. Re1 cxd4 13. exd4 c5 14. dxc5 Qxc5 15. Nb3 Qb6 16. Ng4 Ne4 17. Bxd6 Nxd6 18. Qd2 Bc4 19. Nd4 Ne4 20. Qc2 Rab8 21. b3 Ba6 22. Ne5 Qc7 23. Nec6 Rb6 24. f3 Nf6 25. Nb4 Bb7 26. Nd3 Rc8 27. Rac1 Ba6 28. Ne5 Bb7 29. Qf2 a5 30. h3 h6 31. Re3 Nd7 32. Nxd7 Qxd7 33. Rce1 a4 34. f4 axb3 35. axb3 Ra8 36. Qg3 Bc8 37. Qg4 Qd6 38. Rg3 g6 39. Qh4 Kg7 40. Rge3 1-0


[Site "https://www.chess.com"]

[Event "Titled Tuesday Blitz January 03 Late 2023"]
[White "Pein, Jonathan"]
[Black "Zeynalli, Rashad"]
[WhiteFideId "417092"]
[BlackFideId "13403320"]
[WhiteElo "2265"]
[BlackElo "2200"]
[Result "0-1"]
[Round "03"]
[TimeControl "180+2"]
[Date "2023.01.03"]
[WhiteClock "0:00:02"]
[BlackClock "0:00:32"]

1. e4 c5 2. g3 g6 3. Bg2 Bg7 4. Ne2 Nc6 5. O-O Nf6 6. c3 d5 7. exd5 Nxd5 8. d4 cxd4 9. Nxd4 Nxd4 10. cxd4 O-O 11. Nc3 Be6 12. Qf3 Nxc3 13. bxc3 Rc8 14. Qxb7 Rxc3 15. Be3 Qc7 16. Rab1 Bxa2 17. Ra1 Qxb7 18. Bxb7 Rb8 19. Bg2 Rc2 20. Be4 Rcb2 21. Bc1 Re2 22. Bf3 Bxd4 23. Bxe2 Bxa1 24. Bf4 Rb1 25. Be3 a5 26. Rxb1 Bxb1 27. Bb6 a4 28. Bc5 Bb2 29. Bxe7 a3 30. Bxa3 Bxa3 31. h4 Be4 32. h5 Bc5 33. hxg6 fxg6 34. Kf1 h5 35. f3 Bd5 36. Kg2 g5 37. Bd3 Kg7 38. Bf5 Kf6 39. Bc8 g4 40. Kh2 gxf3 41. Bh3 Bc4 42. g4 hxg4 43. Bxg4 f2 44. Bh3 Bd6+ 45. Kh1 Bd5+ 0-1


[Site "https://www.chess.com"]

[Event "Titled Tuesday Blitz January 03 Late 2023"]
[White "Weetik, Vjacheslav"]
[Black "Przybylski, Wojciech"]
[WhiteFideId "4153472"]
[BlackFideId "1117599"]
[WhiteElo "2423"]
[BlackElo "2321"]
[Result "0-1"]
[Round "03"]
[TimeControl "180+2"]
[Date "2023.01.03"]
[WhiteClock "0:00:04"]
[BlackClock "0:00:13"]

1. d4 d5 2. Nf3 Nf6 3. c4 c6 4. Nc3 e6 5. e3 Nbd7 6. Bd3 dxc4 7. Bxc4 b5 8. Be2 Bd6 9. e4 e5 10. O-O O-O 11. dxe5 Nxe5 12. Nd4 Bb7 13. Nf5 Bc5 14. Bg5 Qxd1 15. Raxd1 Rfd8 16. Kh1 Rxd1 17. Bxd1 Neg4 18. Bh4 b4 19. Na4 Ba6 20. Nxc5 Bxf1 21. Ne7+ Kf8 22. Nxc6 Rc8 23. Ba4 Ne5 24. Nxe5 Rxc5 25. Bxf6 Rc1 26. Bg5 Ra1 27. h4 Bb5+ 28. Kh2 Bxa4 29. Bd2 a5 30. a3 bxa3 31. bxa3 Rxa3 32. Bxa5 Ra2 33. Bb4+ Ke8 34. Kg3 f6 35. Nc4 Bc6 36. f3 Kf7 37. Nd6+ Kg8 38. Nf5 Bd7 39. Ne7+ Kf7 40. Nd5 Rb2 41. Bc3 Rb3 42. Bd4 Bc6 43. Ne3 g6 44. Nc4 Rd3 45. Bc5 Ke6 46. Kf4 h6 47. Na5 g5+ 48. Kg3 Bxe4 49. hxg5 hxg5 50. Bf2 Bd5 51. Bb6 Ra3 52. Bd8 Ra4 53. Bb6 Rb4 54. Bc7 Rb5 55. Bd8 f5 56. Kf2 g4 57. fxg4 fxg4 58. g3 Kd7 0-1


[Site "https://www.chess.com"]

[Event "Titled Tuesday Blitz January 03 Late 2023"]
[White "Kleinman, Michael"]
[Black "Atanasov, Anthony"]
[WhiteFideId "2609479"]
[BlackFideId "2623897"]
[WhiteElo "2387"]
[BlackElo "2368"]
[Result "0-1"]
[Round "03"]
[TimeControl "180+2"]
[Date "2023.01.03"]
[WhiteClock "0:00:14"]
[BlackClock "0:01:00"]

1. Nf3 d5 2. g3 Bf5 3. Bg2 Nc6 4. O-O e5 5. d3 Nf6 6. a3 a5 7. Nc3 d4 8. Nb5 h6 9. c4 Bc5 10. Rb1 a4 11. b4 axb3 12. Qxb3 O-O 13. Nh4 Na5 14. Qc2 Bh7 15. a4 Qe7 16. Qa2 e4 17. Rd1 g5 18. dxe4 gxh4 19. Bxh6 hxg3 20. hxg3 Nxe4 21. Bxf8 Rxf8 22. Nxd4 Nc3 23. Qd2 Bxd4 24. e3 Nxc4 25. Qe1 Nxd1 26. Rxd1 Bg7 27. Qe2 Ne5 28. Be4 Bxe4 0-1


[Site "https://www.chess.com"]

[Event "Titled Tuesday Blitz January 03 Late 2023"]
[White "Quinones Garcia, Santiago"]
[Black "Blanco Ronquillo, Humberto L."]
[WhiteFideId "4408497"]
[BlackFideId "3504239"]
[WhiteElo "2248"]
[BlackElo "2442"]
[Result "0-1"]
[Round "03"]
[TimeControl "180+2"]
[Date "2023.01.03"]
[WhiteClock "0:01:13"]
[BlackClock "0:00:38"]

1. d4 Nf6 2. c4 g6 3. Nc3 Bg7 4. e4 d6 5. Nf3 O-O 6. h3 e5 7. d5 a5 8. Be3 Na6 9. g4 Nd7 10. Nd2 Nac5 11. Qc2 a4 12. a3 b6 13. O-O-O Qh4 14. Be2 f5 15. gxf5 gxf5 16. Rdg1 f4 17. Bxc5 Nxc5 18. Rg2 f3 19. Bxf3 Kh8 20. Kb1 Bh6 21. Be2 Rxf2 22. Rxf2 Qxf2 23. Nf3 Bd7 24. Nd1 Qg3 0-1


[Site "https://www.chess.com"]

[Event "Titled Tuesday Blitz January 03 Late 2023"]
[White "Di Berardino, Diego Rafael"]
[Black "Brozyna, Mateusz"]
[WhiteFideId "2105446"]
[BlackFideId "21816140"]
[WhiteElo "2479"]
[BlackElo "2298"]
[Result "1-0"]
[Round "03"]
[TimeControl "180+2"]
[Date "2023.01.03"]
[WhiteClock "0:00:25"]
[BlackClock "0:00:08"]

1. e4 e5 2. Nf3 Nc6 3. Bc4 Bc5 4. b4 Bxb4 5. c3 Ba5 6. d4 d6 7. O-O Nf6 8. Qb3 O-O 9. Bg5 Bb6 10. Nbd2 h6 11. Bh4 exd4 12. Rfe1 Na5 13. Qc2 dxc3 14. Qxc3 Nxc4 15. Nxc4 Be6 16. Rad1 Bxc4 17. Qxc4 g5 18. Nxg5 hxg5 19. Bxg5 Bxf2+ 20. Kh1 Bxe1 21. e5 d5 22. Qf4 Kh7 23. Qf5+ Kg8 24. Bxf6 1-0


[Site "https://www.chess.com"]

[Event "Titled Tuesday Blitz January 03 Late 2023"]
[White "Pesotskiy, Mikhail"]
[Black "Sebag, Marie"]
[WhiteFideId "34164453"]
[BlackFideId "617822"]
[WhiteElo "2153"]
[BlackElo "2430"]
[Result "1-0"]
[Round "03"]
[TimeControl "180+2"]
[Date "2023.01.03"]
[WhiteClock "0:00:19"]
[BlackClock "0:00:01"]

1. c4 e6 2. g3 d5 3. Bg2 Nf6 4. Nf3 Be7 5. O-O O-O 6. b3 b6 7. Bb2 Bb7 8. cxd5 exd5 9. d4 Nbd7 10. Nbd2 Re8 11. Ne5 Bd6 12. Ndf3 c5 13. Rc1 Ne4 14. Nxd7 Qxd7 15. Nd2 Ng5 16. dxc5 Bxc5 17. e3 d4 18. exd4 Bxg2 19. Kxg2 Bxd4 20. Bxd4 Qxd4 21. Nf3 Qe4 22. Re1 Qb7 23. Rxe8+ Rxe8 24. h4 Ne4 25. Qc2 Nc5 26. b4 Na6 27. a3 Nb8 28. Qc7 Qd5 29. Re1 Rf8 30. Re5 Qa8 31. Rf5 Nc6 32. Kh2 h6 33. b5 Nd8 34. Ne5 Ne6 35. Qe7 Qe4 36. Rxf7 Rxf7 37. Qxf7+ Kh8 38. Qxe6 1-0


[Site "https://www.chess.com"]

[Event "Titled Tuesday Blitz January 03 Late 2023"]
[White "Baskin, Robert"]
[Black "Gasparyan, David"]
[WhiteFideId "24662402"]
[BlackFideId "13311980"]
[WhiteElo "2442"]
[BlackElo "2142"]
[Result "1-0"]
[Round "03"]
[TimeControl "180+2"]
[Date "2023.01.03"]
[WhiteClock "0:00:12"]
[BlackClock "0:00:09"]

1. c4 Nf6 2. Nc3 g6 3. g3 Bg7 4. Bg2 O-O 5. d4 d6 6. Nf3 Nbd7 7. O-O e5 8. e4 exd4 9. Nxd4 Nc5 10. h3 Re8 11. Re1 h6 12. b3 Bd7 13. Bb2 h5 14. Qc2 a5 15. Ndb5 Nh7 16. Rad1 Ng5 17. h4 Nge6 18. Nd5 c6 19. Nxd6 cxd5 20. Nxe8 Bxe8 21. exd5 Nf8 22. Bxg7 Kxg7 23. Qc3+ Qf6 24. Qe3 Rc8 25. Rd4 Bd7 26. Rf4 Bf5 27. Bh3 Nfd7 28. Bxf5 gxf5 29. Kh2 Qg6 30. Qe7 Qf6 31. Qe3 Qg6 32. f3 Nf6 33. Qd4 Nd7 34. g4 hxg4 35. fxg4 fxg4 36. Rg1 Rh8 37. Rfxg4 Rh6 38. Rxg6+ fxg6 39. Re1 g5 40. Re7+ Kf8 41. d6 Rxh4+ 42. Qxh4 gxh4 43. Kh3 b6 44. Kxh4 Nc5 45. Kg5 Nce4+ 46. Kf5 Ng8 47. Rxe4 Kf7 48. d7 Ne7+ 49. Kg5 Nc6 50. Re8 Nd4 51. d8=Q Ne6+ 52. Rxe6 Kxe6 53. Qxb6+ Ke7 54. Qxa5 Kd6 55. Qd5+ Kc7 56. c5 Kc8 57. Qc6+ Kd8 58. Qb7 Ke8 59. c6 Kf8 60. Qd7 1-0


[Site "https://www.chess.com"]

[Event "Titled Tuesday Blitz January 03 Late 2023"]
[White "Ansh M Shah"]
[Black "Fishbein, Alexander"]
[WhiteFideId "25033379"]
[BlackFideId "2000377"]
[WhiteElo "2171"]
[BlackElo "2366"]
[Result "1/2-1/2"]
[Round "03"]
[TimeControl "180+2"]
[Date "2023.01.03"]
[WhiteClock "0:00:07"]
[BlackClock "0:00:06"]

1. d4 Nf6 2. c4 g6 3. h4 c5 4. d5 b5 5. cxb5 a6 6. e3 Bg7 7. Nc3 O-O 8. a4 axb5 9. Bxb5 Ba6 10. Bd2 d6 11. Nf3 Nbd7 12. e4 Bxb5 13. axb5 Rxa1 14. Qxa1 e6 15. dxe6 fxe6 16. O-O d5 17. Ng5 Qb6 18. Qa6 d4 19. Na4 Qxa6 20. bxa6 Ra8 21. Nxe6 Nxe4 22. Nc7 Ra7 23. Bf4 Ne5 24. Ne6 Nd3 25. f3 Rxa6 26. Nxg7 Nxf4 27. fxe4 Rxa4 28. Ne8 Ne6 29. Rf6 Ra6 30. e5 c4 31. Nd6 Nc5 32. Rf4 d3 33. Nxc4 Ra1+ 34. Kf2 Rc1 35. Rd4 Rc2+ 36. Ke3 Rxg2 37. Rd5 Ne6 38. Rxd3 Rg3+ 39. Kd2 Rg4 40. Nd6 Rxh4 41. Ne8 Kf7 42. Nf6 Kg7 43. Rd7+ Kh6 44. Rxh7+ Kg5 45. Rxh4 Kxh4 46. Ke3 Kg5 47. Ke4 Nc5+ 48. Kd5 Nd3 49. b3 Kf5 50. Ne4 Nxe5 51. Nd6+ Kf4 52. Nc4 Nd7 53. Nd2 g5 54. Nf1 g4 55. Kc6 Ne5+ 56. Kd5 Nf3 57. b4 Nd2 58. b5 Nxf1 59. b6 g3 60. b7 Ne3+ 61. Kc5 Kf3 62. b8=Q g2 63. Qf8+ Ke2 64. Qg7 Kf1 65. Qf6+ Ke2 66. Qg5 Kf2 67. Qf4+ Ke2 68. Qg3 Kf1 69. Qxe3 g1=Q 70. Qxg1+ Kxg1 1/2-1/2


[Site "https://www.chess.com"]

[Event "Titled Tuesday Blitz January 03 Late 2023"]
[White "Aldokhin, Ivan"]
[Black "Tymrakiewicz, Rafal"]
[WhiteFideId "24115720"]
[BlackFideId "1108832"]
[WhiteElo "2413"]
[BlackElo "2144"]
[Result "1-0"]
[Round "03"]
[TimeControl "180+2"]
[Date "2023.01.03"]
[WhiteClock "0:00:03"]
[BlackClock "0:00:01"]

1. e4 Nf6 2. e5 Nd5 3. Nc3 Nxc3 4. bxc3 d5 5. f4 c5 6. Nf3 Nc6 7. Rb1 Rb8 8. c4 Be6 9. Ng5 Bf5 10. g4 Bc8 11. Bg2 e6 12. cxd5 exd5 13. c4 Be6 14. Nxe6 Qh4+ 15. Kf1 fxe6 16. cxd5 exd5 17. Bxd5 Rd8 18. Bxc6+ bxc6 19. Qf3 Rd5 20. Rb8+ Kf7 21. e6+ Kxe6 22. Qe4+ Kd6 23. f5 Re5 24. Qd3+ Kc7 25. Bb2 Re1+ 26. Kg2 Qxg4+ 27. Kf2 Qh4+ 28. Kg2 Kxb8 29. Rxe1 Qxe1 30. Qd8+ Kb7 31. Qd7+ Kb6 32. Qd8+ Kb5 33. Qb8+ Ka6 34. Qc8+ Kb6 35. Qb8+ Ka6 36. Qc8+ Ka5 37. Bc3+ Kb6 38. Qd8+ Ka6 39. Qd3+ Kb6 40. Qd8+ Ka6 41. Qd3+ c4 42. Qxc4+ Kb7 43. Qb3+ Kc8 44. Qc4 Qe8 45. Qa6+ Kc7 46. Qxa7+ Kd6 47. Qd4+ Kc7 48. Qa7+ Kd6 49. Bb4+ Kd5 50. Qa4 1-0


[Site "https://www.chess.com"]

[Event "Titled Tuesday Blitz January 03 Late 2023"]
[White "Moreno Perez, Tobias Sebastian"]
[Black "Goroshkov, Maksym"]
[WhiteFideId "186716"]
[BlackFideId "14142716"]
[WhiteElo "2256"]
[BlackElo "2287"]
[Result "0-1"]
[Round "03"]
[TimeControl "180+2"]
[Date "2023.01.03"]
[WhiteClock "0:00:02"]
[BlackClock "0:00:08"]

1. d4 Nf6 2. Bf4 d6 3. e3 g6 4. Nd2 Bg7 5. Ngf3 O-O 6. h3 c5 7. c3 Nc6 8. Be2 cxd4 9. exd4 Nd5 10. Bg3 e5 11. O-O f5 12. dxe5 dxe5 13. Nc4 e4 14. Nfe5 f4 15. Nxc6 bxc6 16. Bh2 f3 17. gxf3 Bxh3 18. Re1 Qg5+ 19. Bg3 e3 20. Qb3 exf2+ 21. Kxf2 Bh6 22. Rh1 Be6 23. Rag1 Ne3 24. Bd6 Qd5 25. Bxf8 Rxf8 26. Qb4 Nxc4 27. Qxc4 Rxf3+ 28. Kg2 Rf5+ 29. Qxd5 Bxd5+ 30. Kg3 Bf4+ 31. Kg4 Bxh1 32. Rxh1 h5+ 33. Kh3 Re5 34. Bc4+ Kg7 35. Rd1 Re3+ 36. Kg2 Rg3+ 37. Kf2 Rh3 38. Rd7+ Kh6 39. Be6 Rh2+ 40. Kf3 Bc1 41. Bf7 Rxb2 42. Rd6 Kg7 43. Bxg6 h4 44. Bf5 Rb7 45. Rxc6 Bd2 46. Kg4 Be1 47. Kg5 Bd2+ 48. Kg4 Be1 49. Rg6+ Kf7 50. Rh6 Rb2 51. Rh7+ Kf6 52. Rxa7 Rg2+ 53. Kf3 Rf2+ 54. Ke4 Rxf5 55. Ra6+ Kg5 56. Ra8 Rf4+ 57. Ke3 Rf6 58. Rg8+ Rg6 59. Rh8 Kg4 60. Ke2 Bxc3 61. Kf2 Bxh8 0-1


[Site "https://www.chess.com"]

[Event "Titled Tuesday Blitz January 03 Late 2023"]
[White "Hansen, Torbjorn Ringdal"]
[Black "Ballester Llagaria, Luis Eduardo"]
[WhiteFideId "1501720"]
[BlackFideId "2297620"]
[WhiteElo "2432"]
[BlackElo "2298"]
[Result "0-1"]
[Round "03"]
[TimeControl "180+2"]
[Date "2023.01.03"]
[WhiteClock "0:00:32"]
[BlackClock "0:00:12"]

1. c4 e5 2. g3 Nc6 3. Bg2 f5 4. Nc3 Nf6 5. Nf3 Bb4 6. Nd5 Bc5 7. O-O O-O 8. Nxe5 Nxe5 9. d4 Bxd4 10. Qxd4 Nc6 11. Nxf6+ Qxf6 12. Qxf6 Rxf6 13. b3 d6 14. Bb2 Rf8 15. Rac1 Bd7 16. Rfd1 b6 17. a3 Rae8 18. e3 a5 19. Bc3 Ne5 20. Bb2 g6 21. b4 axb4 22. axb4 Be6 23. c5 bxc5 24. bxc5 Nc4 25. Ba1 dxc5 26. Bf1 Nd6 27. Rxc5 Re7 28. Rdc1 Ne4 29. Rxc7 Rxc7 30. Rxc7 Rf7 31. Rc8+ Bxc8 32. Bc4 Kf8 33. Bxf7 Kxf7 34. f3 Nf6 35. Kf2 Bb7 36. h3 Ke6 37. g4 Nd7 38. f4 Nc5 39. Kg3 Ne4+ 40. Kh4 Ba6 41. g5 Be2 42. Bd4 Nd2 43. Bc3 Nc4 44. Bd4 Kd5 45. Kg3 Ke4 46. Kf2 Bd3 47. h4 Bc2 48. Bc5 Ba4 49. Bd4 Bc6 50. Bc5 Nb2 51. Bd4 Nd3+ 52. Kg3 Nxf4 53. Bb6 Nd5 54. Ba7 Nxe3 55. h5 f4+ 56. Kh4 Nf5+ 57. Kg4 gxh5+ 58. Kxh5 f3 59. g6 hxg6+ 60. Kxg6 Ne3 61. Kg5 f2 0-1


[Site "https://www.chess.com"]

[Event "Titled Tuesday Blitz January 03 Late 2023"]
[White "Msellek, Ilyass"]
[Black "Strahov, Andrej"]
[WhiteFideId "675938"]
[BlackFideId "4165489"]
[WhiteElo "2420"]
[BlackElo "2398"]
[Result "0-1"]
[Round "03"]
[TimeControl "180+2"]
[Date "2023.01.03"]
[WhiteClock "0:00:16"]
[BlackClock "0:00:29"]

1. d4 Nf6 2. Bf4 d5 3. e3 c5 4. c3 Qb6 5. Qb3 c4 6. Qxb6 axb6 7. a3 b5 8. Nd2 Nc6 9. Rc1 Bf5 10. h3 e6 11. g4 Bg6 12. Ngf3 h6 13. Bg2 Nd7 14. Nh4 Bh7 15. Bc7 Rc8 16. Bg3 Nb6 17. e4 g5 18. Nhf3 dxe4 19. Ne5 Nxe5 20. Bxe5 Rg8 21. Bxe4 Bxe4 22. Nxe4 Nd5 23. Bd6 Kd7 24. Bxf8 Rgxf8 25. h4 f5 26. Nc5+ Kc6 27. hxg5 hxg5 28. Rh6 Rce8 29. Kd2 fxg4 30. Re1 Rxf2+ 31. Kc1 Nf4 32. Re5 g3 33. Ne4 g2 34. Rc5+ Kb6 35. Nxf2 g1=Q+ 36. Nd1 Nd3+ 37. Kd2 Nxc5 38. dxc5+ Qxc5 39. Nf2 Qxf2+ 0-1


[Site "https://www.chess.com"]

[Event "Titled Tuesday Blitz January 03 Late 2023"]
[White "Alikhanov, Felix"]
[Black "Mazurkiewicz, Michal"]
[WhiteFideId "4157427"]
[BlackFideId "1124943"]
[WhiteElo "2434"]
[BlackElo "2145"]
[Result "1-0"]
[Round "03"]
[TimeControl "180+2"]
[Date "2023.01.03"]
[WhiteClock "0:00:34"]
[BlackClock "0:00:02"]

1. e4 d6 2. d4 Nf6 3. Nc3 c6 4. Nf3 Bg4 5. Be2 e6 6. O-O d5 7. e5 Nfd7 8. Ng5 Bf5 9. Bh5 Bg6 10. Qf3 Qe7 11. b3 Bxh5 12. Qxh5 h6 13. f4 g6 14. Qh3 Bg7 15. Nf3 a6 16. a4 c5 17. Nd1 Nc6 18. Nf2 O-O-O 19. Ba3 Kb8 20. c4 g5 21. cxd5 exd5 22. f5 Nxd4 23. Nxd4 Qxe5 24. Nf3 Qxa1 25. Rxa1 Bxa1 26. Qg3+ Ka8 27. Qc7 Rhe8 28. Nd3 c4 29. bxc4 dxc4 30. Qxc4 Nb6 31. Qb3 Nc8 32. Bb2 Bxb2 33. Nxb2 g4 34. Nc4 gxf3 35. gxf3 Re2 36. Qc3 1-0


[Site "https://www.chess.com"]

[Event "Titled Tuesday Blitz January 03 Late 2023"]
[White "Golubev, Mikhail"]
[Black "benny_aizenberg"]
[WhiteFideId "14100983"]
[WhiteElo "2461"]
[BlackElo "2507"]
[Result "0-1"]
[Round "03"]
[TimeControl "180+2"]
[Date "2023.01.03"]
[WhiteClock "0:00:01"]
[BlackClock "0:00:42"]

1. e4 c5 2. Nf3 d6 3. d4 cxd4 4. Nxd4 Nf6 5. Nc3 a6 6. Bc4 e6 7. O-O b5 8. Bb3 Qc7 9. Qf3 Be7 10. Qg3 O-O 11. Bh6 Ne8 12. Rad1 Bd7 13. f4 Nc6 14. Nxc6 Bxc6 15. f5 Kh8 16. f6 gxh6 17. fxe7 Qxe7 18. Qe3 Rg8 19. Qd4+ Rg7 20. Rf2 Kg8 21. Ne2 Qa7 22. Qd3 Nf6 23. Qd4 Nxe4 24. Qxa7 Rxa7 25. Rf4 a5 26. c3 d5 27. Rxe4 Rxg2+ 28. Kxg2 dxe4 29. Kf2 a4 30. Bc2 Bd5 31. Nf4 Bxa2 32. Bxe4 Kg7 33. Nh5+ Kf8 34. Rd8+ Ke7 35. Rh8 Rd7 36. Ke3 Rd1 37. Rxh7 Re1+ 38. Kf3 Rxe4 39. Rxf7+ Kxf7 40. Kxe4 Kg6 41. Nf4+ Kf6 42. Ne2 e5 43. Ng3 Ke6 44. Ke3 Bb1 45. Nf1 Kd5 46. Nd2 Bf5 47. h4 Bg4 48. Ne4 Kc4 49. Nd2+ Kd5 50. Ne4 Bf5 51. Nd2 Bh7 52. Kf3 Kc5 53. Ke3 b4 54. cxb4+ Kxb4 0-1


[Site "https://www.chess.com"]

[Event "Titled Tuesday Blitz January 03 Late 2023"]
[White "Davtyan, David Arm."]
[Black "Ozer, Omer Faruk"]
[WhiteFideId "13310046"]
[BlackFideId "6354564"]
[WhiteElo "2344"]
[BlackElo "2360"]
[Result "0-1"]
[Round "03"]
[TimeControl "180+2"]
[Date "2023.01.03"]
[WhiteClock "0:00:33"]
[BlackClock "0:01:25"]

1. d4 Nf6 2. Nf3 b6 3. Bf4 Bb7 4. e3 g6 5. Nbd2 Bg7 6. Bd3 O-O 7. h3 c5 8. c3 d6 9. O-O Nbd7 10. Bh2 a6 11. Re1 b5 12. Rc1 Rc8 13. Bb1 Re8 14. e4 e5 15. d5 c4 16. g4 Nc5 17. Nf1 Qb6 18. Kg2 a5 19. Nh4 b4 20. f3 Ba6 21. Bg1 Qd8 22. Kg3 Bh6 23. Ng2 Bxc1 24. Qxc1 Nd3 25. Bxd3 cxd3 26. Qd2 bxc3 27. bxc3 Qc7 28. Rc1 Bc4 29. Nfe3 Rb8 30. Nxc4 Qxc4 31. Ne3 Qxe4 32. fxe4 Nxe4+ 33. Kh4 Nxd2 34. Rd1 Nf3+ 35. Kg3 e4 0-1


[Site "https://www.chess.com"]

[Event "Titled Tuesday Blitz January 03 Late 2023"]
[White "Keller, Peter"]
[Black "Krsnik Cohar, Ivan Vihor"]
[WhiteFideId "1272105"]
[BlackFideId "14520044"]
[WhiteElo "2358"]
[BlackElo "2336"]
[Result "1-0"]
[Round "03"]
[TimeControl "180+2"]
[Date "2023.01.03"]
[WhiteClock "0:00:18"]
[BlackClock "0:00:02"]

1. d4 Nf6 2. Bf4 d6 3. e3 Nbd7 4. Nf3 g6 5. h3 Bg7 6. Be2 O-O 7. O-O Re8 8. c3 e5 9. dxe5 dxe5 10. Bh2 Qe7 11. a4 a5 12. Na3 Ne4 13. Nb5 Ndc5 14. b4 Nxc3 15. Nxc3 axb4 16. Nd5 Qd7 17. Bb5 c6 18. Nb6 Qxd1 19. Rfxd1 cxb5 20. Nxa8 bxa4 21. Nc7 Rf8 22. Bxe5 b3 23. Bxg7 Kxg7 24. Rd2 Bd7 25. Nd4 Rc8 26. Nd5 Ra8 27. Nb6 Ra6 28. Nxd7 Nxd7 29. Nxb3 axb3 30. Rxa6 bxa6 31. Rxd7 a5 32. Rb7 a4 33. Rb4 1-0


[Site "https://www.chess.com"]

[Event "Titled Tuesday Blitz January 03 Late 2023"]
[White "Ilkhomi, Jaloliddin"]
[Black "Novikov, Evgenij"]
[WhiteFideId "14700948"]
[BlackFideId "4125380"]
[WhiteElo "1997"]
[BlackElo "2276"]
[Result "1/2-1/2"]
[Round "03"]
[TimeControl "180+2"]
[Date "2023.01.03"]
[WhiteClock "0:01:48"]
[BlackClock "0:00:37"]

1. d4 d5 2. Bf4 c5 3. e3 cxd4 4. exd4 Nc6 5. c3 Nf6 6. Nd2 Bf5 7. Qb3 Qc8 8. Ngf3 e6 9. Ne5 Be7 10. Bd3 Bxd3 11. Nxd3 O-O 12. O-O Na5 13. Qa4 Nc4 14. Nxc4 Qxc4 15. Qxc4 dxc4 16. Ne5 Rac8 17. Bg5 Nd5 18. Bxe7 Nxe7 19. f4 g6 20. g4 f6 21. Nd7 Rf7 22. Nc5 Rc6 23. Rae1 Rb6 24. Re2 e5 25. Nd7 Re6 26. fxe5 Nd5 27. Nc5 Rb6 28. exf6 Nxf6 29. g5 Nd5 30. Re8+ Kg7 31. Ne6+ Rxe6 32. Re7 1/2-1/2


[Site "https://www.chess.com"]

[Event "Titled Tuesday Blitz January 03 Late 2023"]
[White "Carnicelli, Valerio"]
[Black "Kaplan, Avi Harrison"]
[WhiteFideId "856185"]
[BlackFideId "30934559"]
[WhiteElo "2370"]
[BlackElo "2146"]
[Result "1/2-1/2"]
[Round "03"]
[TimeControl "180+2"]
[Date "2023.01.03"]
[WhiteClock "0:00:05"]
[BlackClock "0:00:06"]

1. b3 e5 2. Bb2 d6 3. c4 c5 4. g3 Nc6 5. Bg2 f5 6. e3 Nf6 7. Ne2 Be7 8. d4 cxd4 9. exd4 e4 10. O-O h5 11. Nf4 h4 12. Ng6 Rh6 13. Nxe7 Qxe7 14. Bc1 hxg3 15. Bxh6 Ng4 16. Bf4 gxf2+ 17. Rxf2 g5 18. Bc1 Qh7 19. h3 Nxf2 20. Kxf2 Qh4+ 21. Kg1 f4 22. Qe2 Bxh3 23. Qxe4+ Kd7 24. d5 Ne5 25. Nd2 Re8 26. Ba3 f3 27. Qxh4 gxh4 28. Bxh3+ Kc7 29. Rf1 Rg8+ 30. Kh1 Rg3 31. Bf5 Rg5 32. Bxd6+ Kb6 33. Bxe5 Rxf5 34. Bd4+ Ka6 35. Rxf3 Rg5 36. Rh3 b5 37. Rxh4 b4 38. Rh6+ Ka5 39. Bf6 Rg8 40. Be7 a6 41. a3 bxa3 42. Bxa3 Rg1+ 43. Kh2 Rg2+ 44. Kh3 Rg3+ 45. Kh4 Rg4+ 46. Kh5 Rg5+ 47. Kh4 Rg4+ 48. Kxg4 1/2-1/2


[Site "https://www.chess.com"]

[Event "Titled Tuesday Blitz January 03 Late 2023"]
[White "Della Corte, Alessandro"]
[Black "Rosen, Eric"]
[WhiteFideId "813540"]
[BlackFideId "2032562"]
[WhiteElo "2160"]
[BlackElo "2349"]
[Result "0-1"]
[Round "03"]
[TimeControl "180+2"]
[Date "2023.01.03"]
[WhiteClock "0:01:56"]
[BlackClock "0:01:20"]

1. d4 d5 2. Nf3 Nf6 3. c4 e6 4. Nc3 a6 5. e3 b6 6. b3 Bb7 7. Bb2 Nbd7 8. Be2 Bd6 9. O-O O-O 10. Qc2 Qe7 11. a3 Rac8 12. b4 c5 13. bxc5 bxc5 14. cxd5 cxd4 15. dxe6 dxc3 16. exd7 Nxd7 17. Bxc3 Bxf3 18. Bxf3 Be5 19. Bb4 Bxh2+ 20. Kh1 Qh4 21. Qe4 Bf4+ 22. Kg1 Qh2# 0-1


[Site "https://www.chess.com"]

[Event "Titled Tuesday Blitz January 03 Late 2023"]
[White "Sargsyan, Anna M."]
[Black "Stachanczyk, Jacek"]
[WhiteFideId "13308130"]
[BlackFideId "1116657"]
[WhiteElo "2375"]
[BlackElo "2147"]
[Result "1/2-1/2"]
[Round "03"]
[TimeControl "180+2"]
[Date "2023.01.03"]
[WhiteClock "0:00:07"]
[BlackClock "0:00:30"]

1. d4 Nf6 2. c4 g6 3. g3 Bg7 4. Bg2 c6 5. Nc3 d5 6. cxd5 cxd5 7. Nf3 O-O 8. Ne5 Nc6 9. Nxc6 bxc6 10. O-O Bf5 11. Bf4 Qa5 12. Rc1 Ne4 13. Na4 Rac8 14. b3 c5 15. dxc5 Nxc5 16. Qxd5 Rfd8 17. Qf3 Nxa4 18. Rxc8 Rxc8 19. bxa4 Qxa4 20. Qb7 Qxa2 21. Qxe7 Qe6 22. Qxa7 Qxe2 23. Bd5 Be6 24. Bb7 Re8 25. Bc6 Bh3 26. Bg2 Qxf1+ 27. Bxf1 Re1 28. Qa6 Rxf1+ 29. Qxf1 Bxf1 30. Kxf1 h6 31. Ke2 f5 32. Kd3 Kf7 33. Kc4 g5 34. Be3 Ke6 35. Bd4 Bf8 36. f3 h5 37. Be3 g4 38. fxg4 fxg4 39. Kd4 Kf5 40. Kd5 Bg7 41. Bf2 Bf6 42. Bg1 Bd8 43. Bf2 Be7 44. Bg1 Bd8 45. Bf2 Ba5 46. Bg1 Bd8 1/2-1/2


[Site "https://www.chess.com"]